 Dungeon Crawl Stone Soup version 0.19.0-20-gbc5f0c6 (webtiles) character file.

166 dobroeutro the Cudgeler (level 5, 0/32 HPs)
             Began as a Gargoyle Fighter on Nov 17, 2016.
             Killed by divine providence
             ... invoked by an orc priest
              (10 damage)
             ... on level 4 of the Dungeon.
             The game lasted 00:02:17 (2474 turns).

dobroeutro the Cudgeler (Gargoyle Fighter)          Turns: 2474, Time: 00:02:17

Health: 0/32       AC: 13    Str: 20    XL:     5   Next: 47%
Magic:  0/5        EV:  7    Int:  8    God:
Gold:   177        SH:  9    Dex: 10    Spells: 0 memorised, 4 levels left

rFire  . . .     SeeInvis +     o - +4 short sword (venom)
rCold  . . .     Gourm    .     b - +0 scale mail
rNeg   + . .     Faith    .     c - +0 shield
rPois  ∞         Spirit   +     (no helmet)
rElec  +         Reflect  .     (no cloak)
rCorr  .         Harm     .     u - +0 pair of gloves
MR     .....                    k - +0 pair of boots
Stlth  ..........               e - amulet of guardian spirit
                                (no ring)
                                l - ring of see invisible

@: no status effects
A: negative energy resistance 1, electricity resistance, unbreathing,
petrification resistance, rot immunity, AC +4
a: no special abilities


You were on level 4 of the Dungeon.
You were not hungry.

You visited 1 branch of the dungeon, and saw 4 of its levels.

You collected 177 gold pieces.

Inventory:

Hand Weapons
 a - a +0 flail
 o - a +4 short sword of venom (weapon)
Armour
 b - a +0 scale mail (worn)
 c - a +0 shield (worn)
 k - a +0 pair of boots (worn)
 u - a +0 pair of gloves (worn)
Jewellery
 e - an amulet of guardian spirit (around neck)
 l - a ring of see invisible (left hand)
Scrolls
 h - 2 scrolls of teleportation {unknown}
 j - 3 scrolls of remove curse {unknown}
 m - a scroll of fog {unknown}
 n - a scroll of enchant weapon {unknown}
 p - a scroll of identify {unknown}
 s - a scroll of random uselessness {unknown}
Potions
 d - a potion of might
 i - a potion of ambrosia {unknown}
 r - a potion of invisibility {unknown}
 v - a potion of flight {unknown}
 w - a potion of heal wounds {unknown}
 x - a potion of resistance {unknown}
Comestibles
 f - 3 bread rations
 g - 3 fruits
 q - 2 beef jerkies
 t - a meat ration


   Skills:
 - Level 3.2 Fighting
 + Level 5.5 Maces & Flails
 - Level 3.2 Armour
 - Level 3.2 Shields


You had 4 spell levels left.
You didn't know any spells.

Dungeon Overview and Level Annotations

Branches:
Dungeon (4/15)
 Temple: D:4-7

Altars:
Qazlal
Uskayaw


Innate Abilities, Weirdness & Mutations

You are resistant to torment.
Your stone body is resilient. (AC +4)
You are immune to poison.
You resist negative energy. (rN+)
You are resistant to electric shocks. (rElec)
You can survive without breathing.
You are immune to petrification.
You are immune to rotting.


Message History

You block the orc priest's attack.
You closely miss the orc priest.
The orc priest is severely wounded.
The orc priest hits you but does no damage.
You hit the orc priest.
The orc priest looks as sick as possible!
The orc priest is almost dead.
You kill the orc priest!
You hit the ogre.
The ogre is lightly wounded.
You block the ogre's attack.
You puncture the ogre!
The ogre is poisoned.
The ogre is heavily wounded.
The ogre hits you with a giant spiked club!
You puncture the ogre!
The ogre looks even sicker.
The ogre is severely wounded.
The ogre hits you with a giant spiked club!
The orc priest invokes the aid of Beogh against you.
Beogh smites you!
You die...

# #. #..# #..###### ##...
#.oO@...# #.... #.#####.#
#...# ##.## #.... ##...##
#.... #########.#.#.####
#...#
.................####...#
#########.#.#............
##...............
##.#.#####....##


You could see an ogre and an orc priest.

Vanquished Creatures
  An orc priest (D:4)
  Ijyb (D:3)
  4 adders
  3 worms
  3 dart slugs
  4 orcs
  8 bats
  4 giant cockroaches
  8 goblins
  2 hobgoblins (D:3)
  11 jackals
  2 kobolds
  3 frilled lizards
  4 rats
58 creatures vanquished.

Notes
Turn   | Place    | Note
-------+----------+-------------------------------------------
     0 | D:1      | dobroeutro the Gargoyle Fighter began the quest for the Orb.
     0 | D:1      | Reached XP level 1. HP: 14/14 MP: 1/1
   146 | D:1      | Reached XP level 2. HP: 19/19 MP: 2/2
   667 | D:1      | Reached skill level 3 in Maces & Flails
   834 | D:1      | Reached XP level 3. HP: 13/23 MP: 3/3
  1191 | D:2      | Reached skill level 4 in Maces & Flails
  1700 | D:3      | Noticed Ijyb
  1721 | D:3      | Killed Ijyb
  1721 | D:3      | Reached XP level 4. HP: 23/28 MP: 4/4
  2039 | D:3      | Reached skill level 5 in Maces & Flails
  2045 | D:3      | Reached XP level 5. HP: 31/32 MP: 5/5
  2088 | D:3      | Found a hide-covered altar of Uskayaw.
  2407 | D:4      | Found a stormy altar of Qazlal.
  2457 | D:4      | Noticed an ogre
  2474 | D:4      | Killed from afar by an orc priest

Skill      XL: |  1  2  3  4 |
---------------+-------------+-----
Maces & Flails | 3 4 5 |  5.5
Fighting       | |  3.2
Armour         | |  3.2
Shields        | |  3.2

Action                   |  1- 3 |  4- 6 || total
-------------------------+-------+-------++-------
Melee: Flail             |   138 |       ||   138
       Short sword       |    20 |    71 ||    91
  Eat: Chunk             |     2 |     3 ||     5
Armor: Scale mail        |   122 |    30 ||   152
Dodge: Dodged            |    67 |    14 ||    81
Block: Shield            |   100 |    32 ||   132
